 Dungeon Crawl Stone Soup version 0.28-a0-1347-g113dc556a4 (webtiles) character file.

Game seed: 11212926068299267372

497 vivovinco the Conjurer (level 6, -4/48 HPs)
             Began as a Demigod Conjurer on Dec 29, 2021.
             Slain by an orc warrior (8 damage)
             ... on level 7 of the Dungeon.
             The game lasted 00:19:44 (4053 turns).

vivovinco the Conjurer (Demigod Conjurer)           Turns: 4053, Time: 00:19:45

Health: -4/48      AC:  7    Str: 16    XL:     6   Next: 61%
Magic:  8/22       EV: 11    Int: 24    God:
Gold:   140        SH:  0    Dex: 12    Spells: 8/11 levels left

rFire   . . .      SeeInvis .   i - staff of conjuration
rCold   x . .      Faith    .   (no shield)
rNeg    . . .      Spirit   .   g - +0 ring mail
rPois   .          Reflect  .   (no helmet)
rElec   .          Harm     .   e - +0 cloak
rCorr   .          Rampage  .   (no gloves)
Will    .....                   u - +0 pair of boots
Stlth   +.........              n - amulet of regeneration
HPRegen 0.96/turn               b - ring of Buatanio {Fly rC- MP+9 Str+4}
MPRegen 0.18/turn               v - +4 ring of slaying

@: flying
A: high mp 1, forlorn, divine attributes
a: no special abilities


You were on level 7 of the Dungeon.
You visited 1 branch of the dungeon, and saw 6 of its levels.

You collected 140 gold pieces.

Inventory:

Hand Weapons
 f - a +0 dagger
 s - a +3 quarterstaff of chaos
Armour
 a - a +0 robe
 e - a +0 cloak (worn)
 g - a +0 ring mail (worn)
 u - a +0 pair of boots (worn)
Magical Staves
 i - a staff of conjuration (weapon)
Jewellery
 b - the ring of Buatanio (left hand) {Fly rC- MP+9 Str+4}
   (You took it off a goblin on level 3 of the Dungeon)

   [ring of flight]

   Str:       It affects your strength (+4).
   rC:        It makes you vulnerable to cold.
   MP:        It affects your magic capacity (+9).
   Fly:       It grants you flight.
 n - an amulet of regeneration (around neck)
 v - a +4 ring of slaying (right hand)
Wands
 r - a wand of digging (4)
Scrolls
 m - a scroll of teleportation
Potions
 h - a potion of heal wounds
 j - a potion of resistance
 k - a potion of degeneration {unknown}
 l - 2 potions of curing
 o - a potion of lignification {unknown}
 p - a potion of brilliance {unknown}
 q - a potion of might {unknown}
 w - a potion of magic {unknown}


   Skills:
 + Level 1.7 Fighting
 + Level 2.2 Staves
 + Level 2.0 Armour
 + Level 3.1 Dodging
 + Level 2.5 Stealth
 + Level 3.0 Spellcasting
 + Level 4.6 Conjurations
 * Level 0.6 Evocations


You had 8 spell levels left.
You knew the following spells:

 Your Spells              Type           Power      Damage    Failure   Level
a - Magic Dart            Conj           100%       1d8       3%          1
b - Searing Ray           Conj           76%        2d7       4%          2

Your spell library contained the following spells:

 Spells                   Type           Power      Damage    Failure   Level
 Dazzling Flash           Conj/Hex       44%        N/A       24%         3
 Corpse Rot               Necr/Air       6%         N/A       30%         2
 Poisonous Vapours        Pois/Air       6%         N/A       30%         2
 Fulminant Prism          Conj/Hex       11%        3d9       61%         4
 Iskenderun's Mystic Bla  Conj/Tloc      22%        2d6       61%         4


Dungeon Overview and Level Annotations

Branches:
Dungeon (5/15)
 Temple: D:4-7

Shops:
D:1 !   D:3 [


Innate Abilities, Weirdness & Mutations

You have an increased reservoir of magic. (+10% MP)
You shall have no god before yourself.
Your divine heritage dramatically boosts your attributes as you level up.


Message History

The orc warrior barely misses you.
The orc priest miscasts a cantrip.
The searing ray hits the orc warrior.
The orc warrior is moderately wounded.
The searing ray hits the orc priest.
The orc priest is severely wounded.
The orc warrior closely misses you.
There are monsters nearby!
Casting: Searing Ray (safe; 4% risk of failure)
Confirm with . or Enter, or press ? or * to list all spells.
Restarting spell: Searing Ray (safe; 4% risk of failure)
Press: ? - help, Shift-Dir - straight line, f - orc priest, p - orc priest
Aim: an orc priest, wielding a +0 dagger (81% to hit)
You feel a surge of power!
The searing ray misses the orc warrior.
The searing ray hits the orc priest.
You kill the orc priest!
The searing ray hits the orc priest!
The orc priest is severely wounded. (Press . to maintain the ray.)
The orc warrior hits you with a +0 flail!
Your Armour skill increases to level 2!
Unknown command.
The searing ray hits the orc warrior!
The orc warrior is heavily wounded.
The searing ray hits the orc priest!
You kill the orc priest!
The orc warrior misses you.
The searing ray hits the orc warrior.
The orc warrior is severely wounded.
The orc warrior hits you with a +0 flail!
The searing ray hits the orc warrior but does no damage.
The orc warrior is severely wounded.
You finish channelling your searing ray.
The orc warrior hits you with a +0 flail!
You hit the orc warrior.
The orc warrior is severely wounded.
The orc warrior hits you with a +0 flail!!
* * * LOW HITPOINT WARNING * * *
The orc warrior hits you with a +0 flail!
You die...

############
#....@o)...#
#.######'''######
#.#...'.....'...#
###.#._.o.888('._.#
#...#...'...).)...#
##########')'######
..o..# .......#
........#


You could see an orc warrior.

Vanquished Creatures
  A wyvern (D:4)
  Crazy Yiuf (D:3)
  2 orc priests (D:7)
  A centaur skeleton (D:4)
  Natasha (thrice) (D:3)
  An iguana (D:7)
  4 adders
  A worm (D:3)
  3 dart slugs
  9 orcs
  7 ball pythons
  9 bats
  6 endoplasms
  2 giant cockroaches (D:1)
  6 goblins
  2 hobgoblins (D:2)
  4 jackals (D:3)
  3 quokkas
  2 frilled lizards
  7 kobolds
  6 rats
80 creatures vanquished.

Notes
Turn   | Place    | Note
-------+----------+-------------------------------------------
     0 | D:1      | vivovinco the Demigod Conjurer began the quest for the Orb.
     0 | D:1      | Reached XP level 1. HP: 14/14 MP: 5/5
   107 | D:1      | Found Kasahia's Distillery.
   468 | D:1      | Reached XP level 2. HP: 20/20 MP: 1/7
   479 | D:1      | Reached skill level 4 in Conjurations
   654 | D:1      | Learned a level 2 spell: Searing Ray
  1565 | D:2      | Reached XP level 3. HP: 26/26 MP: 3/8
  2185 | D:3      | Found Hocunk's Antique Armour Emporium.
  2775 | D:3      | Identified the ring of Buatanio {Fly rC- MP+9 Str+4}
  2794 | D:3      | Reached XP level 4. HP: 34/34 MP: 1/10
  3044 | D:3      | Noticed Natasha
  3051 | D:3      | Killed Natasha
  3057 | D:3      | Reached skill level 1 in Staves
  3401 | D:3      | Noticed Natasha
  3406 | D:3      | Killed Natasha
  3407 | D:3      | Reached skill level 1 in Fighting
  3407 | D:3      | Reached skill level 1 in Armour
  3407 | D:3      | Reached XP level 5. HP: 36/40 MP: 11/11
  3475 | D:3      | Noticed Natasha
  3478 | D:3      | Killed Natasha
  3581 | D:3      | Found a runed translucent door.
  3582 | D:3      | Noticed Crazy Yiuf
  3589 | D:3      | Killed Crazy Yiuf
  3846 | D:4      | Identified the +1 plate armour of the Trilobite {Int+2}
  3887 | D:4      | Noticed a wyvern
  3894 | D:4      | Killed a wyvern
  3895 | D:4      | Reached XP level 6. HP: 47/47 MP: 13/13
  3973 | D:5      | Entered Level 5 of the Dungeon
  3987 | D:4      | You are sucked into a shaft and drop 3 floors!
  4053 | D:7      | Slain by an orc warrior

Illustrated notes

Levels and vault maps discovered:
D:1:      elethiomel_arrival_maze, layout_basic, ebering_ecumenical_altar_rust,
          serial_shops, nicolae_square_shop, minmay_misc_feat_more_columns,
          roderic_serpentine_path, minmay_cupped
D:2:      layout_basic, minmay_quadrilaterals
D:3:      layout_loops_ring, chequers_temple_overflow_minitemple, serial_shops,
          shop, uniq_natasha, uniq_crazy_yiuf_cottage
D:4:      layout_basic, mainiacjoe_overflow_boulevard, minitemple,
          minmay_surrounded
D:5:      layout_basic, lemuel_tele_altar
D:7:      layout_basic, mainiacjoe_overflow_big_doors, zin_angel, uniq_pikel,
          uniq_duvessa, uniq_maggie

Skill      XL: |  1  2  3  4  5  6 |
---------------+-------------------+-----
Conjurations   | 4 |  4.6
Spellcasting   | 2 3 |  3.0
Stealth        | 2 |  2.5
Dodging        | 2 3 |  3.1
Staves         | 1 2 |  2.2
Fighting       | 1 |  1.7
Armour         | 1 2 |  2.0
Evocations     | |  0.6

Action                   |  1- 3 |  4- 6 || total
-------------------------+-------+-------++-------
Melee: Unarmed           |     5 |       ||     5
       Dagger            |    36 |       ||    36
       Staff             |    72 |    21 ||    93
 Cast: Magic Dart        |    52 |    14 ||    66
       Searing Ray       |     5 |    10 ||    15
  Use: Scroll            |     4 |     7 ||    11
 Stab: Sleeping          |     2 |     1 ||     3
Armor: Robe              |     5 |       ||     5
       Ring mail         |    50 |    18 ||    68
Dodge: Dodged            |    85 |    27 ||   112

Table legend: (Time is in decaauts)
 A = Elapsed time spent in this place.
 B = Non-inter-level travel time spent in this place.
 C = Inter-level travel time spent in this place.
 D = Time resting spent in this place.
 E = Time spent auto-exploring this place.
 F = Levels seen in this place.
 G = Mean time per level.
                   A        B        C        D        E       F      G
               +--------+--------+--------+--------+--------+-----+--------+
         Total |   4086 |   3973 |    113 |     65 |   2960 |   6 |  681.0 |
       Dungeon |   4086 |   3973 |    113 |     65 |   2960 |   6 |  681.0 |
               +--------+--------+--------+--------+--------+-----+--------+

Top non-repeatable levels by time:
     D:1: 1541 daAuts
     D:2: 1214 daAuts
     D:3: 1101 daAuts
     D:4: 157 daAuts
     D:7: 65 daAuts
     D:5: 5 daAuts
